[Event "Panchenko Memorial 2019"]
[Site "Chelyabinsk"]
[Date "2019.09.09"]
[Round "1.5"]
[White "Novikov, Evgenij"]
[Black "Frolyanov, Dmitry"]
[Result "0-1"]
[ECO "A46"]
[WhiteElo "2261"]
[BlackElo "2556"]
[Annotator "RC"]
[PlyCount "151"]
[EventDate "2019.09.09"]
[EventType "swiss"]
[EventCountry "RUS"]
[SourceTitle "playchess.com"]
[Source "ChessBase"]
[SourceQuality "1"]
[TimeControl "5400+30"]

1. d4 Nf6 2. Nf3 e6 3. c4 d5 4. cxd5 exd5 5. Nc3 c6 6. Bf4 Bd6 7. Bxd6 Qxd6 8. e3 Bf5 9. Bd3 Bxd3 10. Qxd3 Nbd7 11. O-O O-O 12. Rab1 a5 13. Qc2 Rfe8 14. Rfc1 g6 15. h3 Re7 16. Nd2 Nb6 17. Na4 Nc8 18. Nc5 Qd8 19. a4 Nd6 20. b4 axb4 21. Rxb4 Kg7 22. Rcb1 Ra7 23. R1b3 Qa8 24. Nf3 Nc4 25. Ne5 Na5 26. Rb1 Qc8 27. Ncd3 Ra8 28. Qc5 Qd8 29. f3 Ne8 30. e4 dxe4 31. fxe4 Nd6 32. Nf2 f6 33. Nf3 Nxe4 34. Nxe4 Rxe4 35. Rxb7+ Nxb7 36. Rxb7+ Kh8 37. Qxc6 Re2 38. Rd7 Qf8 39. Qb7 Rae8 40. Rf7 Qh6 41. Rxf6 Qe3+ 42. Kh2 Qe7 43. Qc6 Kg7 44. Rd6 Re6 45. Rxe6 Qxe6 46. Qc7+ Re7 47. Qc5 Qf6 48. Kg3 Rf7 49. h4 Qf4+ 50. Kh3 Rc7 51. Qd5 Rc1 52. Qe5+ Qxe5 53. dxe5 Ra1 54. Kg3 Rxa4 55. Ng5 Ra2 56. Kf3 Ra4 57. g3 h6 58. Ne6+ Kf7 59. Nc5 Ra3+ 60. Kf4 Rc3 61. Ne4 Rc1 62. Nf6 Rf1+ 63. Ke4 Ke6 64. Ng4 h5 65. Ne3 Ra1 66. Kf4 Ra4+ 67. Kf3 Kxe5 68. g4 Ra3 69. gxh5 gxh5 70. Kf2 Kf4 71. Nd5+ Kg4 72. Ne3+ Kxh4 73. Kf3 Kh3 74. Kf4 Rxe3 75. Kxe3 Kg2 76. Kd4 0-1

[Event "Panchenko Memorial 2019"]
[Site "Chelyabinsk"]
[Date "2019.09.11"]
[Round "3.10"]
[White "Yudin, Sergei"]
[Black "Solozhenkina, Elizaveta"]
[Result "0-1"]
[ECO "B20"]
[WhiteElo "2494"]
[BlackElo "2324"]
[Annotator "ChessBase"]
[PlyCount "177"]
[EventDate "2019.09.09"]
[EventType "swiss"]
[EventCountry "RUS"]
[SourceTitle "playchess.com"]
[Source "ChessBase"]
[SourceQuality "1"]
[TimeControl "5400+30"]

1. e4 c5 2. Ne2 d6 3. g3 d5 4. Bg2 dxe4 5. Nbc3 Nf6 6. Nxe4 Nxe4 7. Bxe4 Nc6 8. d3 Bg4 9. f3 Bd7 10. O-O Qb6 11. Be3 Rd8 12. c3 e6 13. f4 Qa6 14. g4 f5 15. Bg2 Bc8 16. d4 cxd4 17. Nxd4 Bc5 18. gxf5 exf5 19. Kh1 Bxd4 20. cxd4 Be6 21. d5 Bxd5 22. Bxd5 Ne7 23. Re1 Rxd5 24. Qb3 Rd3 25. Qc2 Kf7 26. Bc5 Ng6 27. Bxa7 Rhd8 28. Be3 Nh4 29. Rac1 Qe6 30. Qc7+ R8d7 31. Qe5 Qxe5 32. fxe5 Nf3 33. e6+ Kxe6 34. Re2 Kf6 35. Kg2 Nh4+ 36. Kf1 g5 37. Bf2 Ng6 38. Be1 Nf4 39. Bc3+ Kf7 40. Re5 Rd1+ 41. Re1 R1d5 42. Rc2 h5 43. a4 h4 44. a5 Rc5 45. Rd2 Rxd2 46. Bxd2 Ne6 47. Bc3 g4 48. Rd1 Rc7 49. Be5 Rc5 50. Bc3 Rc7 51. Be5 Re7 52. b4 Ng5 53. Bb8 Ne4 54. Rd3 Ke6 55. b5 Re8 56. Bf4 Ra8 57. a6 bxa6 58. b6 Nc5 59. Rd6+ Ke7 60. Rc6 Nd7 61. b7 Rg8 62. Rxa6 Kf7 63. Rc6 Re8 64. Rc8 g3 65. h3 Re4 66. Bd6 Ke6 67. Rd8 Rd4 68. Rxd7 Kxd7 69. b8=Q Rxd6 70. Qb4 Rg6 71. Kg2 Ke6 72. Qxh4 Kf7 73. Qd4 Ke6 74. Qb6+ Kf7 75. Qd8 Kg7 76. Qe7+ Kh6 77. Qf8+ Kh7 78. Qxf5 Kh6 79. Qf7 Rg7 80. Qf5 Rg6 81. Qf8+ Kh7 82. Qf7+ Kh6 83. Qe7 Rg5 84. Qf6+ Kh5 85. Qh8+ Kg6 86. h4 Rh5 87. Qg8+ Kf6 88. Kxg3 Re5 89. Kf4 0-1

[Event "Panchenko Memorial 2019"]
[Site "Chelyabinsk"]
[Date "2019.09.12"]
[Round "4.1"]
[White "Volkov, Sergey"]
[Black "Harutjunyan, Gevorg"]
[Result "1-0"]
[ECO "E94"]
[WhiteElo "2557"]
[BlackElo "2455"]
[Annotator "ChessBase"]
[PlyCount "115"]
[EventDate "2019.09.09"]
[EventType "swiss"]
[EventCountry "RUS"]
[SourceTitle "playchess.com"]
[Source "ChessBase"]
[SourceQuality "1"]
[TimeControl "5400+30"]

1. d4 Nf6 2. c4 g6 3. Nc3 Bg7 4. e4 d6 5. Be2 O-O 6. Nf3 e5 7. O-O exd4 8. Nxd4 c6 9. Nc2 Re8 10. f3 Na6 11. Kh1 Nc7 12. Nb4 Be6 13. Bg5 h6 14. Bh4 Qd7 15. Qd2 d5 16. cxd5 cxd5 17. e5 Nh7 18. f4 a5 19. Nc2 Bg4 20. Bd3 d4 21. Ne4 Nd5 22. Nxd4 g5 23. Bb5 Qe7 24. Bxe8 Rxe8 25. Bg3 gxf4 26. Bxf4 Nxf4 27. Qxf4 Qxe5 28. Qxg4 Qxe4 29. Qxe4 Rxe4 30. Nf5 Bxb2 31. Rae1 Nf6 32. Rxe4 Nxe4 33. Rb1 Nf2+ 34. Kg1 Nd3 35. Kf1 a4 36. Ke2 Nf4+ 37. Kf3 Nd3 38. Ke4 Nf2+ 39. Kd5 a3 40. Nxh6+ Kh7 41. Nxf7 Nd3 42. Kc4 Nc1 43. Rxc1 Bxc1 44. Kb3 Bf4 45. Nd8 Bxh2 46. Nxb7 Kg6 47. Kxa3 Kf5 48. Kb4 Kg4 49. a4 Bf4 50. Kb5 Bd2 51. Nc5 Kf4 52. Nd3+ Kg3 53. Nb4 Kxg2 54. a5 Kf3 55. a6 Be3 56. Nd5 Ba7 57. Kc6 Ke4 58. Kb7 1-0

[Event "Panchenko Memorial 2019"]
[Site "Chelyabinsk"]
[Date "2019.09.12"]
[Round "4.2"]
[White "Sivuk, Vitaly"]
[Black "Remizov, Yaroslav"]
[Result "1-0"]
[ECO "A13"]
[WhiteElo "2559"]
[BlackElo "2354"]
[Annotator "ChessBase"]
[PlyCount "77"]
[EventDate "2019.09.09"]
[EventType "swiss"]
[EventCountry "RUS"]
[SourceTitle "playchess.com"]
[Source "ChessBase"]
[SourceQuality "1"]
[TimeControl "5400+30"]

1. c4 e6 2. Nf3 d5 3. e3 Nf6 4. d4 Be7 5. b3 O-O 6. Bb2 b6 7. Nc3 Bb7 8. cxd5 Nxd5 9. Bd3 c5 10. dxc5 Bxc5 11. O-O Nxc3 12. Bxc3 Nd7 13. Qc2 Bxf3 14. gxf3 Qh4 15. Rad1 Nf6 16. Qe2 Nd5 17. Bb2 Bb4 18. Be4 Qh5 19. Bxd5 Bd6 20. h4 exd5 21. Rd4 f5 22. Rxd5 Qg6+ 23. Kh1 Qh5 24. Rg1 Qxh4+ 25. Kg2 Rad8 26. Qd3 Bc5 27. Kf1 g6 28. Qc3 Kf7 29. Qg7+ Ke8 30. Re5+ Be7 31. Ke2 Qb4 32. Bd4 Rxd4 33. exd4 Kd8 34. Rc1 Bd6 35. Kf1 Bxe5 36. dxe5 a5 37. e6 Qd6 38. Kg2 f4 39. Rd1 1-0

[Event "Panchenko Memorial 2019"]
[Site "Chelyabinsk"]
[Date "2019.09.12"]
[Round "4.3"]
[White "Yeletsky, Ivan"]
[Black "Shaposhnikov, Evgeny"]
[Result "0-1"]
[ECO "C78"]
[WhiteElo "2449"]
[BlackElo "2572"]
[Annotator "ChessBase"]
[PlyCount "116"]
[EventDate "2019.09.09"]
[EventType "swiss"]
[EventCountry "RUS"]
[SourceTitle "playchess.com"]
[Source "ChessBase"]
[SourceQuality "1"]
[TimeControl "5400+30"]

1. e4 e5 2. Nf3 Nc6 3. Bb5 a6 4. Ba4 Nf6 5. O-O b5 6. Bb3 Bb7 7. d3 Be7 8. Nc3 O-O 9. a3 d6 10. Re1 Qd7 11. Ne2 Rfe8 12. Ng3 h6 13. h3 Bf8 14. Nh2 d5 15. Ng4 Nxg4 16. hxg4 Nd4 17. Ba2 Rad8 18. g5 hxg5 19. Bxg5 f6 20. Be3 c5 21. Bxd4 exd4 22. Bxd5+ Bxd5 23. exd5 Qxd5 24. Qg4 Kf7 25. Nf5 g6 26. Nh4 Qh5 27. Qxh5 Rxe1+ 28. Rxe1 gxh5 29. Nf3 c4 30. Ra1 cxd3 31. cxd3 Rc8 32. a4 b4 33. Nd2 Rc2 34. Nc4 b3 35. g3 Bb4 36. Kg2 Kg6 37. Kf3 Kg5 38. Rf1 f5 39. Rd1 Bc3 40. Rb1 Bd2 41. Ra1 Kf6 42. a5 Kg5 43. Kg2 Be3 44. Rf1 Bc1 45. Kh3 f4 46. Kg2 Bxb2 47. Rb1 Bc3 48. gxf4+ Kxf4 49. Rxb3 Be1 50. Kf1 Bxf2 51. Rb6 Bg3 52. Rxa6 h4 53. Rf6+ Kg5 54. Rf8 Ra2 55. Rg8+ Kf5 56. Rf8+ Kg4 57. Rg8+ Kh3 58. Re8 Ra1+ 0-1

[Event "Panchenko Memorial 2019"]
[Site "Chelyabinsk"]
[Date "2019.09.12"]
[Round "4.4"]
[White "Frolyanov, Dmitry"]
[Black "Badelka, Olga"]
[Result "0-1"]
[ECO "C01"]
[WhiteElo "2556"]
[BlackElo "2399"]
[Annotator "ChessBase"]
[PlyCount "100"]
[EventDate "2019.09.09"]
[EventType "swiss"]
[EventCountry "RUS"]
[SourceTitle "playchess.com"]
[Source "ChessBase"]
[SourceQuality "1"]
[TimeControl "5400+30"]

1. e4 e6 2. d4 d5 3. exd5 exd5 4. c4 Nf6 5. Nc3 Nc6 6. Nf3 Be7 7. h3 O-O 8. Be2 dxc4 9. Bxc4 Bf5 10. O-O Nb4 11. Bg5 c6 12. Ne5 Nfd5 13. Bxe7 Qxe7 14. Bxd5 Nxd5 15. Nxd5 cxd5 16. Qb3 f6 17. Nf3 Qd7 18. Nd2 Rfe8 19. Rfe1 Rxe1+ 20. Rxe1 Rc8 21. Qa3 Re8 22. Rxe8+ Qxe8 23. Nf1 Qe1 24. Qb3 Kf8 25. g4 Be4 26. Qg3 Qb4 27. Qb8+ Kf7 28. Qc7+ Kg6 29. Qc3 Qxc3 30. bxc3 Kg5 31. Ne3 Kf4 32. Kf1 Kf3 33. Ke1 g6 34. c4 dxc4 35. d5 Kf4 36. d6 Bc6 37. Nxc4 b5 38. Na5 Bd7 39. Kd2 Ke5 40. Nb7 Kd5 41. f4 Kc6 42. Nd8+ Kxd6 43. Kd3 Kd5 44. Nf7 b4 45. Nh6 Be6 46. h4 f5 47. g5 Kc5 48. a3 bxa3 49. Kc3 a2 50. Kb2 Kd4 0-1

[Event "Panchenko Memorial 2019"]
[Site "Chelyabinsk"]
[Date "2019.09.12"]
[Round "4.5"]
[White "Nugumanov, Bakhtiyar"]
[Black "Yudin, Sergei"]
[Result "1/2-1/2"]
[ECO "C70"]
[WhiteElo "2387"]
[BlackElo "2494"]
[Annotator "ChessBase"]
[PlyCount "80"]
[EventDate "2019.09.09"]
[EventType "swiss"]
[EventCountry "RUS"]
[SourceTitle "playchess.com"]
[Source "ChessBase"]
[SourceQuality "1"]
[TimeControl "5400+30"]

1. e4 e5 2. Nf3 Nc6 3. Bb5 a6 4. Ba4 g6 5. c3 Bg7 6. d4 exd4 7. cxd4 b5 8. Bb3 d6 9. h3 Nge7 10. Nc3 Na5 11. Bc2 O-O 12. O-O c5 13. Bf4 cxd4 14. Nxd4 Bb7 15. Rc1 d5 16. Bg5 h6 17. Bxe7 Qxe7 18. Nxd5 Qe5 19. b4 Bxd5 20. exd5 Qxd5 21. bxa5 Bxd4 22. Bb3 Qd6 23. Qf3 Qf6 24. Qxf6 Bxf6 25. Rc6 Kg7 26. Rd1 Rfd8 27. Rcd6 Rxd6 28. Rxd6 Ra7 29. Bd5 Bc3 30. Rb6 Bxa5 31. Rb7 Rxb7 32. Bxb7 Bb6 33. Bxa6 b4 34. Bc4 f5 35. Kf1 Kf6 36. Ke2 Ke5 37. Bb3 g5 38. Bc4 Bc5 39. Bb3 Bb6 40. Bc4 Bc5 1/2-1/2

[Event "Panchenko Memorial 2019"]
[Site "Chelyabinsk"]
[Date "2019.09.12"]
[Round "4.6"]
[White "Nesterov, Arseniy"]
[Black "Radzhabov, Rodion"]
[Result "1/2-1/2"]
[ECO "A18"]
[WhiteElo "2473"]
[BlackElo "2384"]
[Annotator "ChessBase"]
[PlyCount "80"]
[EventDate "2019.09.09"]
[EventType "swiss"]
[EventCountry "RUS"]
[SourceTitle "playchess.com"]
[Source "ChessBase"]
[SourceQuality "1"]
[TimeControl "5400+30"]

1. c4 Nf6 2. Nc3 e6 3. e4 d5 4. e5 Ne4 5. cxd5 exd5 6. Nf3 Nxc3 7. bxc3 c5 8. d4 Nc6 9. Be2 cxd4 10. cxd4 Bb4+ 11. Bd2 Qa5 12. Rb1 Bxd2+ 13. Qxd2 Ke7 14. Rb5 Qxd2+ 15. Kxd2 Rb8 16. Rc1 Be6 17. Rbc5 Rhc8 18. Ba6 Nb4 19. Rxc8 Rxc8 20. Bxb7 Rxc1 21. Kxc1 Nxa2+ 22. Kb2 Nb4 23. Ne1 a5 24. Kb3 Bd7 25. Nc2 Ba4+ 26. Kxa4 Nxc2 27. Bxd5 Nxd4 28. Kxa5 g5 29. Kb4 f6 30. exf6+ Kxf6 31. Kc4 Ke5 32. Bg8 h6 33. Kd3 Nf5 34. Bh7 Ne7 35. Ke3 Nd5+ 36. Kf3 Nf6 37. Bb1 Nd5 38. Ba2 Nf6 39. h3 Ne4 40. Ke3 Nd6 {[%emt 0:00:42] Ke4+} 1/2-1/2

[Event "Panchenko Memorial 2019"]
[Site "Chelyabinsk"]
[Date "2019.09.12"]
[Round "4.7"]
[White "Salemgareev, Tagir"]
[Black "Tologontegin, Semetey"]
[Result "0-1"]
[ECO "A40"]
[WhiteElo "2457"]
[BlackElo "2369"]
[Annotator "ChessBase"]
[PlyCount "82"]
[EventDate "2019.09.09"]
[EventType "swiss"]
[EventCountry "RUS"]
[SourceTitle "playchess.com"]
[Source "ChessBase"]
[SourceQuality "1"]
[TimeControl "5400+30"]

1. d4 g6 2. c4 Bg7 3. Nc3 e6 4. Nf3 Ne7 5. e4 O-O 6. Be3 d5 7. Qd2 dxe4 8. Nxe4 Nf5 9. O-O-O Nxe3 10. Qxe3 b6 11. h4 Bb7 12. h5 Nd7 13. hxg6 hxg6 14. Ne5 Bxe4 15. Qxe4 c5 16. Bd3 cxd4 17. Nxg6 fxg6 18. Qxg6 Nf6 19. Rh7 Rf7 20. Rh8+ Kxh8 21. Qxf7 Qf8 22. Qxe6 Re8 23. Qf5 Qc5 24. Qg6 Kg8 25. g4 Qe5 26. Kc2 Re6 27. Rh1 Kf8 28. g5 Nd5 29. Qh7 Nb4+ 30. Kb3 Nxd3 31. Qxd3 Qe4 32. Qh3 b5 33. cxb5 Qd5+ 34. Ka3 d3 35. Rc1 Ra6+ 36. Kb4 Qd4+ 37. Rc4 Qxb2+ 38. Kc5 Qe5+ 39. Kb4 Qd6+ 40. Rc5 Bc3+ 41. Kb3 Ra3+ 0-1

[Event "Panchenko Memorial 2019"]
[Site "Chelyabinsk"]
[Date "2019.09.12"]
[Round "4.8"]
[White "Bocharov, Ivan"]
[Black "Garifullina, Leya"]
[Result "1/2-1/2"]
[ECO "A30"]
[WhiteElo "2557"]
[BlackElo "2304"]
[Annotator "ChessBase"]
[PlyCount "87"]
[EventDate "2019.09.09"]
[EventType "swiss"]
[EventCountry "RUS"]
[SourceTitle "playchess.com"]
[Source "ChessBase"]
[SourceQuality "1"]
[TimeControl "5400+30"]

1. c4 c5 2. Nf3 Nf6 3. Nc3 e6 4. e3 Nc6 5. d4 d5 6. cxd5 exd5 7. Bb5 cxd4 8. Nxd4 Bd7 9. O-O Bd6 10. b3 O-O 11. Bb2 Re8 12. Rc1 Nxd4 13. Bxd7 Qxd7 14. Qxd4 Be5 15. Qa4 b5 16. Qh4 d4 17. exd4 Qxd4 18. Qxd4 Bxd4 19. Rfd1 Rad8 20. h3 a6 21. Kf1 h6 22. Rc2 Rd7 23. Nd5 Rxd5 24. Rxd4 Re6 25. g3 Rxd4 26. Bxd4 Nd5 27. Rd2 Nf6 28. Bb2 Kh7 29. f3 Kg6 30. Kf2 h5 31. g4 hxg4 32. hxg4 Rc6 33. Kg3 Re6 34. Kf4 Rc6 35. Be5 Ne8 36. Ke4 Nf6+ 37. Ke3 Re6 38. Kd4 Rc6 39. Bf4 Ne8 40. a4 bxa4 41. bxa4 Nc7 42. Bxc7 Rxc7 43. Rb2 Kg5 44. Rb6 1/2-1/2

[Event "Panchenko Memorial 2019"]
[Site "Chelyabinsk"]
[Date "2019.09.12"]
[Round "4.9"]
[White "Berzinsh, Roland"]
[Black "Stupak, Kirill"]
[Result "0-1"]
[ECO "A45"]
[WhiteElo "2376"]
[BlackElo "2551"]
[Annotator "ChessBase"]
[PlyCount "182"]
[EventDate "2019.09.09"]
[EventType "swiss"]
[EventCountry "RUS"]
[SourceTitle "playchess.com"]
[Source "ChessBase"]
[SourceQuality "1"]
[TimeControl "5400+30"]

1. d4 Nf6 2. Bf4 d5 3. e3 c5 4. Nf3 Nc6 5. Nbd2 e6 6. c3 Nh5 7. Bg5 Qb6 8. dxc5 Bxc5 9. b4 Bf8 10. e4 h6 11. Be3 Qc7 12. b5 Na5 13. exd5 exd5 14. b6 axb6 15. Nd4 g6 16. Nb5 Qd8 17. Be2 Ng7 18. Qa4 Bd7 19. Qd4 Nc6 20. Qxd5 Be7 21. Nc4 O-O 22. Bxb6 Be6 23. Qf3 Qb8 24. Bc7 Qe8 25. O-O Nf5 26. Nb6 Ra6 27. Nd5 Bg5 28. Rfe1 Bxd5 29. Qxd5 Nce7 30. Qxb7 Re6 31. Bc4 Rxe1+ 32. Rxe1 Qd7 33. a4 Rc8 34. g3 Nc6 35. Bd5 Nce7 36. Bf3 Qd2 37. Qe4 Nd5 38. Rd1 Nxc3 39. Rxd2 Nxe4 40. Rc2 Nd2 41. Bb7 Re8 42. h4 Re1+ 43. Kg2 Re2 44. Nc3 Ne3+ 45. Kh3 Rxf2 46. Bb6 Nxc2 47. Bxf2 Bd8 48. Ne4 Nc4 49. Kg2 Nb4 50. Bd4 Na5 51. Bc8 Nd5 52. Bd7 h5 53. Bb5 Kf8 54. Nc3 Bb6 55. Be5 Bc7 56. Bh8 Nb4 57. Bd4 Bd6 58. Ne4 Be7 59. Bc3 Nbc6 60. Kf3 Bb4 61. Bb2 Ke7 62. Nf6 Ke6 63. Ke4 Bd6 64. Bf1 Bxg3 65. Bh3+ Kd6 66. Ba3+ Kc7 67. Nd5+ Kb7 68. Bd7 f5+ 69. Kf3 Bxh4 70. Be8 Ne5+ 71. Kg2 Bg5 72. Bb4 Nac4 73. Bb5 Bd8 74. Nf4 h4 75. Ne6 Ba5 76. Be7 Be1 77. Bf6 Ng4 78. Bd4 Nge5 79. Nd8+ Kc7 80. Ne6+ Kd6 81. Ng5 Kd5 82. Ba7 Bd2 83. Nf3 Nxf3 84. Kxf3 g5 85. Ke2 h3 86. Bg1 Bf4 87. Bd7 Nd6 88. Kf3 h2 89. Bxh2 Bxh2 90. Bxf5 Nxf5 91. Kg4 Bf4 0-1

[Event "Panchenko Memorial 2019"]
[Site "Chelyabinsk"]
[Date "2019.09.12"]
[Round "4.10"]
[White "Zhigalko, Andrey"]
[Black "Tsvetkov, Andrey"]
[Result "1-0"]
[ECO "A13"]
[WhiteElo "2539"]
[BlackElo "2373"]
[Annotator "ChessBase"]
[PlyCount "59"]
[EventDate "2019.09.09"]
[EventType "swiss"]
[EventCountry "RUS"]
[SourceTitle "playchess.com"]
[Source "ChessBase"]
[SourceQuality "1"]
[TimeControl "5400+30"]

1. c4 e6 2. g3 d5 3. Bg2 Nf6 4. Nf3 dxc4 5. Qa4+ Nbd7 6. Qxc4 a6 7. Qc2 c5 8. Nc3 Qc7 9. d4 b6 10. Bf4 Bd6 11. Bxd6 Qxd6 12. Ng5 Rb8 13. Nce4 Nxe4 14. Nxe4 Qxd4 15. Rd1 Qb4+ 16. Rd2 O-O 17. O-O Ne5 18. a3 Qc4 19. Qd1 Bd7 20. b3 Qb5 21. Nd6 Qa5 22. f4 c4 23. fxe5 c3 24. Nc4 Qc5+ 25. Rd4 b5 26. b4 Qa7 27. Kh1 c2 28. Qd2 bxc4 29. Rxd7 c3 30. Qd3 1-0

[Event "Panchenko Memorial 2019"]
[Site "Chelyabinsk"]
[Date "2019.09.13"]
[Round "5.1"]
[White "Badelka, Olga"]
[Black "Volkov, Sergey"]
[Result "1/2-1/2"]
[ECO "D15"]
[WhiteElo "2399"]
[BlackElo "2557"]
[Annotator "ChessBase"]
[PlyCount "87"]
[EventDate "2019.09.09"]
[EventType "swiss"]
[EventCountry "RUS"]
[SourceTitle "playchess.com"]
[Source "ChessBase"]
[SourceQuality "1"]
[TimeControl "5400+30"]

1. d4 d5 2. c4 c6 3. Nf3 Nf6 4. Nc3 a6 5. e3 b5 6. b3 Bg4 7. a4 bxc4 8. bxc4 e6 9. c5 a5 10. Be2 Nbd7 11. Bd2 Qc7 12. h3 Bh5 13. g4 Bg6 14. Nh4 Ne4 15. f4 Nxc3 16. Bxc3 Be4 17. Bf3 Be7 18. Ng2 Bxf3 19. Qxf3 Nf6 20. O-O Ne4 21. Rfc1 O-O 22. Be1 Rfb8 23. Rab1 Bd8 24. Qd1 Qc8 25. Rc2 Bc7 26. Rcb2 Rxb2 27. Rxb2 Rb8 28. Rxb8 Qxb8 29. Qd3 Qb7 30. g5 e5 31. fxe5 Nxg5 32. Qf5 Bd8 33. Bxa5 g6 34. Qg4 Nxh3+ 35. Qxh3 Bxa5 36. Qh4 Qd7 37. Qf6 Bd8 38. Qd6 Qc8 39. e6 Bc7 40. Qe7 fxe6 41. Nf4 Bxf4 42. exf4 Qa8 43. Qxe6+ Kg7 44. Qe7+ 1/2-1/2

[Event "Panchenko Memorial 2019"]
[Site "Chelyabinsk"]
[Date "2019.09.13"]
[Round "5.2"]
[White "Shaposhnikov, Evgeny"]
[Black "Sivuk, Vitaly"]
[Result "1/2-1/2"]
[ECO "D02"]
[WhiteElo "2572"]
[BlackElo "2559"]
[Annotator "ChessBase"]
[PlyCount "108"]
[EventDate "2019.09.09"]
[EventType "swiss"]
[EventCountry "RUS"]
[SourceTitle "playchess.com"]
[Source "ChessBase"]
[SourceQuality "1"]
[TimeControl "5400+30"]

1. Nf3 d5 2. d4 Nf6 3. Bf4 c5 4. e3 Nc6 5. c3 Qb6 6. Qb3 c4 7. Qc2 Bf5 8. Qc1 Nh5 9. Be5 f6 10. Bg3 g5 11. Nbd2 e6 12. Be2 Bg6 13. b3 cxb3 14. axb3 Rc8 15. c4 Nxg3 16. hxg3 Bb4 17. Bd1 Kf7 18. g4 e5 19. dxe5 Nxe5 20. Nxe5+ fxe5 21. O-O Bd3 22. Nf3 Bxf1 23. Kxf1 Kg7 24. Nxe5 Qf6 25. Nd3 a5 26. Nxb4 axb4 27. Ra7 Rc7 28. c5 Rf8 29. Qd2 Rff7 30. Ra5 Rcd7 31. Bf3 d4 32. e4 d3 33. c6 bxc6 34. Rxg5+ Kh8 35. e5 Qf4 36. Qxf4 Rxf4 37. e6 Re7 38. Ke1 Rxe6+ 39. Kd2 Rd6 40. Re5 Rf7 41. Re3 c5 42. Rxd3 Rfd7 43. Be4 Rxd3+ 44. Bxd3 Rd4 45. f3 h6 46. Ke3 Kg7 47. f4 Kf6 48. Bc4 Rd1 49. Ke4 Rd2 50. g3 Rd1 51. Ke3 Rg1 52. Kf3 Rc1 53. Ke4 Rd1 54. Ke3 Rd4 1/2-1/2

[Event "Panchenko Memorial 2019"]
[Site "Chelyabinsk"]
[Date "2019.09.13"]
[Round "5.3"]
[White "Stupak, Kirill"]
[Black "Tologontegin, Semetey"]
[Result "1/2-1/2"]
[ECO "A42"]
[WhiteElo "2551"]
[BlackElo "2369"]
[Annotator "ChessBase"]
[PlyCount "144"]
[EventDate "2019.09.09"]
[EventType "swiss"]
[EventCountry "RUS"]
[SourceTitle "playchess.com"]
[Source "ChessBase"]
[SourceQuality "1"]
[TimeControl "5400+30"]

1. d4 g6 2. c4 Bg7 3. Nc3 d6 4. e4 e5 5. Nf3 Bg4 6. d5 Nd7 7. Be2 Bxf3 8. Bxf3 h5 9. O-O Bh6 10. g3 h4 11. Bg2 Bxc1 12. Rxc1 Ngf6 13. b4 Kf8 14. Na4 a5 15. a3 axb4 16. axb4 b5 17. cxb5 Qb8 18. Ra1 Kg7 19. Qe2 Ra7 20. Nc3 Rxa1 21. Rxa1 Qb6 22. Qd2 hxg3 23. hxg3 Qb7 24. Qd3 Ra8 25. Ra5 Ra7 26. Qc4 Nb6 27. Qa2 Ra8 28. Nb1 Qc8 29. Qe2 Qg4 30. Qxg4 Nxg4 31. Bh3 Nf6 32. Nd2 Kf8 33. f3 Ke7 34. Kf2 Rh8 35. Kg2 Ra8 36. f4 Ne8 37. Kf3 Kd8 38. Ra6 Ke7 39. Nb3 Kf6 40. Na5 g5 41. Nc6 gxf4 42. gxf4 exf4 43. Kxf4 Ng7 44. Bg4 Rh8 45. e5+ dxe5+ 46. Nxe5 Nh5+ 47. Bxh5 Rxh5 48. Nd7+ Ke7 49. Nxb6 cxb6 50. Rxb6 Rxd5 51. Ke4 Rd1 52. Rc6 Kd7 53. Ke5 f5 54. Rc3 Rd6 55. Rc4 Rb6 56. Rc5 Rh6 57. Rc4 Rb6 58. Kxf5 Rxb5+ 59. Ke4 Kd6 60. Kd3 Rb7 61. Rh4 Kc6 62. Kc4 Rg7 63. Rh6+ Kb7 64. Kb5 Rg5+ 65. Ka4 Rf5 66. b5 Rf1 67. Rh7+ Kb6 68. Rh6+ Kb7 69. b6 Ra1+ 70. Kb5 Rb1+ 71. Kc4 Rxb6 72. Rxb6+ Kxb6 1/2-1/2

[Event "Panchenko Memorial 2019"]
[Site "Chelyabinsk"]
[Date "2019.09.13"]
[Round "5.4"]
[White "Khusenkhojaev, Muhammad"]
[Black "Zhigalko, Andrey"]
[Result "0-1"]
[ECO "D70"]
[WhiteElo "2450"]
[BlackElo "2539"]
[Annotator "ChessBase"]
[PlyCount "96"]
[EventDate "2019.09.09"]
[EventType "swiss"]
[EventCountry "RUS"]
[SourceTitle "playchess.com"]
[Source "ChessBase"]
[SourceQuality "1"]
[TimeControl "5400+30"]

1. d4 Nf6 2. c4 g6 3. Nf3 Bg7 4. g3 d5 5. cxd5 Nxd5 6. Bg2 Nb6 7. Nc3 Nc6 8. e3 e5 9. d5 Ne7 10. e4 c6 11. d6 Ng8 12. b3 f6 13. O-O Nh6 14. Ba3 Nf7 15. Qd3 Bf8 16. Rad1 Bd7 17. Na4 Nc8 18. Nc5 Ncxd6 19. Nxd7 Qxd7 20. Nh4 Qc7 21. f4 Rd8 22. Qf3 Nb5 23. Rxd8+ Qxd8 24. Bb2 Ba3 25. Bxa3 Nxa3 26. Bh3 Nc2 27. fxe5 Ng5 28. Qc3 Qd4+ 29. Qxd4 Nxd4 30. Bc8 fxe5 31. Bxb7 Ke7 32. Kg2 Rf8 33. Re1 a6 34. Ra1 a5 35. Re1 Kd6 36. Ba6 a4 37. b4 a3 38. Bd3 Rb8 39. Rb1 Rf8 40. Rc1 Rb8 41. Rb1 Kc7 42. Kf2 c5 43. bxc5 Rb2+ 44. Rxb2 axb2 45. Ke3 Nb5 46. Nf3 Nxf3 47. Kxf3 Na3 48. Kg4 Kc6 0-1

[Event "Panchenko Memorial 2019"]
[Site "Chelyabinsk"]
[Date "2019.09.13"]
[Round "5.5"]
[White "Kotsur, Pavel"]
[Black "Bezgodov, Alexei"]
[Result "1/2-1/2"]
[ECO "C42"]
[WhiteElo "2528"]
[BlackElo "2453"]
[Annotator "ChessBase"]
[PlyCount "66"]
[EventDate "2019.09.09"]
[EventType "swiss"]
[EventCountry "RUS"]
[SourceTitle "playchess.com"]
[Source "ChessBase"]
[SourceQuality "1"]
[TimeControl "5400+30"]

1. e4 e5 2. Nf3 Nf6 3. Nxe5 d6 4. Nf3 Nxe4 5. Nc3 Nxc3 6. dxc3 Be7 7. Be3 Nc6 8. Qd2 Be6 9. O-O-O Qd7 10. h3 O-O-O 11. Nd4 Bf6 12. Bb5 Bd5 13. f3 a6 14. Bxc6 Bxc6 15. Bg5 Bxg5 16. Qxg5 f6 17. Qg4 Bd5 18. Rhe1 Qxg4 19. hxg4 g6 20. Ne6 Bxe6 21. Rxe6 Rhf8 22. Rde1 Rf7 23. Re7 Rdf8 24. Rxf7 Rxf7 25. Re8+ Kd7 26. Rb8 b6 27. Kd2 f5 28. gxf5 Rxf5 29. Ke3 Re5+ 30. Kf2 Rd5 31. Ke2 Re5+ 32. Kf2 Rd5 33. Ke2 Re5+ 1/2-1/2

[Event "Panchenko Memorial 2019"]
[Site "Chelyabinsk"]
[Date "2019.09.13"]
[Round "5.6"]
[White "Meister, Jakob"]
[Black "Zakhartsov, Vladimir"]
[Result "1/2-1/2"]
[ECO "B22"]
[WhiteElo "2410"]
[BlackElo "2519"]
[Annotator "ChessBase"]
[PlyCount "81"]
[EventDate "2019.09.09"]
[EventType "swiss"]
[EventCountry "RUS"]
[SourceTitle "playchess.com"]
[Source "ChessBase"]
[SourceQuality "1"]
[TimeControl "5400+30"]

1. e4 c5 2. c3 d6 3. d4 Qc7 4. Nf3 Nd7 5. Bd3 g6 6. O-O Bg7 7. a4 Ngf6 8. Na3 O-O 9. Re1 a6 10. d5 b6 11. Rb1 Re8 12. Bf1 Bb7 13. Nc4 Rad8 14. h3 h6 15. Bf4 Bf8 16. b4 e6 17. e5 dxe5 18. d6 Qc8 19. Nfxe5 Nd5 20. Qd2 b5 21. axb5 axb5 22. Nxd7 Rxd7 23. Ne5 Rxd6 24. bxc5 Rdd8 25. Bxh6 Bxc5 26. Qg5 Be7 27. Qg4 Nf6 28. Qf4 Ba6 29. g4 Qxc3 30. Rec1 Qd4 31. Qxd4 Rxd4 32. Nc6 Ra4 33. Nxe7+ Rxe7 34. Bg5 Kg7 35. Bxf6+ Kxf6 36. Bxb5 Bxb5 37. Rxb5 Rea7 38. Kg2 R4a5 39. g5+ Kg7 40. Rxa5 Rxa5 41. h4 1/2-1/2